2974 views
Uploaded 2020-03-07 20:21:01
Game version 1.32.2
22:22 long 3on3 ladder game on (6)UpperKingdom
Saved by BEARAND
2974 views
Uploaded 2020-03-07 20:21:01
Game version 1.32.2
22:22 long 3on3 ladder game on (6)UpperKingdom


66 units @ 6.9k
/ 0.2k
171 buildings @ 11.1k
/ 4.4k



| Orb of Corruption | 2 | 750 |
| Potion of Healing | 1 | 150 |
| total: | 3 | 900g |
| Acolyte | 11 | 825 | / | 0 |
| Ghoul | 13 | 1560 | / | 0 |
| total: | 24 | 2385g | / | 0w |
| Crypt | 1 | 200 | / | 50 |
| Altar of Darkness | 1 | 180 | / | 50 |
| Ziggurat | 11 | 1650 | / | 550 |
| Tomb of Relics | 3 | 390 | / | 90 |
| Graveyard | 1 | 215 | / | 0 |
| Necropolis | 5 | 1125 | / | 0 |
| Halls of the Dead | 1 | 320 | / | 210 |
| Black Citadel | 1 | 325 | / | 230 |
| total: | 22 | 3760g | / | 740w |
| 0:01 | Acolyte |
| 0:07 | Acolyte |
| 0:15 | Crypt |
| 0:17 | Altar of Darkness |
| 0:34 | Ziggurat |
| 1:17 | Ghoul |
| 1:18 | Ghoul |
| 1:31 | Tomb of Relics |
| 1:33 | Tomb of Relics |
| 1:37 | Acolyte |
| 1:46 | Ghoul |
| 2:04 | Ziggurat |
| 2:09 | Ghoul |
| 2:22 | Death Coil |
| 3:16 | Ghoul |
| 3:16 | Ghoul |
| 3:17 | Halls of the Dead |
| 4:24 | Ziggurat |
| 4:25 | Ghoul |
| 4:26 | Ghoul |
| 5:01 | Ghoul |
| 5:01 | Ghoul |
| 5:33 | Ghoul |
| 5:54 | Acolyte |
| 5:58 | Ziggurat |
| 6:20 | Black Citadel |
| 7:02 | Unholy Aura |
| 7:07 | Ghoul |
| 7:13 | Frost Nova |
| 7:56 | Ghoul |
| 8:41 | Tomb of Relics |
| 8:47 | Ziggurat |
| 10:27 | Frost Armor |
| 10:37 | Graveyard |
| 10:57 | Death Coil |
| 11:34 | Carrion Swarm |
| 12:37 | Orb of Corruption |
| 13:41 | Potion of Healing |
| 13:51 | Orb of Corruption |
| 15:32 | Necropolis |
| 15:33 | Necropolis |
| 16:19 | Sleep |
| 16:24 | Acolyte |
| 17:35 | Frost Nova |
| 17:41 | Necropolis |
| 18:03 | Necropolis |
| 18:48 | Unholy Aura |
| 19:44 | Carrion Swarm |
| 19:49 | Acolyte |
| 19:49 | Acolyte |
| 19:50 | Ziggurat |
| 19:51 | Ziggurat |
| 19:51 | Ziggurat |
| 19:52 | Acolyte |
| 20:25 | Acolyte |
| 20:25 | Acolyte |
| 20:26 | Acolyte |
| 20:38 | Ziggurat |
| 20:39 | Ziggurat |
| 20:39 | Ziggurat |
| 21:45 | Frost Armor |
| 21:54 | Necropolis |
| Right click | 1260 |
| Select | 746 |
| Select group | 480 |
| Assign group | 235 |
| Use ability | 60 |
| Build/train/purchase | 50 |
| Resource trade | 50 |
| Misc. action | 13 |
| Minimap ping | 13 |
| Remove unit | 1 |



| Rod of Necromancy | 1 | 150 |
| Orb of Corruption | 3 | 1125 |
| total: | 4 | 1275g |
| Acolyte | 7 | 525 | / | 0 |
| Ghoul | 9 | 1080 | / | 0 |
| Obsidian Statue | 4 | 800 | / | 140 |
| total: | 20 | 2405g | / | 140w |
| Nerubian Tower | 1 | 100 | / | 20 |
| Spirit Tower | 1 | 145 | / | 40 |
| Crypt | 1 | 200 | / | 50 |
| Altar of Darkness | 1 | 180 | / | 50 |
| Ziggurat | 4 | 600 | / | 200 |
| Tomb of Relics | 3 | 390 | / | 90 |
| Graveyard | 1 | 215 | / | 0 |
| Slaughterhouse | 1 | 140 | / | 135 |
| Halls of the Dead | 1 | 320 | / | 210 |
| Black Citadel | 1 | 325 | / | 230 |
| total: | 11 | 1725g | / | 525w |
| 0:01 | Acolyte |
| 0:06 | Acolyte |
| 0:09 | Crypt |
| 0:28 | Altar of Darkness |
| 0:32 | Ziggurat |
| 1:00 | Tomb of Relics |
| 1:09 | Graveyard |
| 1:21 | Ghoul |
| 1:34 | Cannibalize |
| 1:37 | Ziggurat |
| 1:48 | Ghoul |
| 2:16 | Ghoul |
| 2:25 | Ghoul |
| 2:28 | Death Coil |
| 2:32 | Rod of Necromancy |
| 2:35 | Ghoul |
| 2:58 | Nerubian Tower |
| 3:17 | Ghoul |
| 3:37 | Ghoul |
| 4:02 | Ghoul |
| 4:18 | Ghoul |
| 4:59 | Halls of the Dead |
| 5:26 | Unholy Aura |
| 7:03 | Death Coil |
| 7:45 | Ziggurat |
| 8:09 | Black Citadel |
| 8:42 | Tomb of Relics |
| 9:37 | Frost Nova |
| 9:57 | Slaughterhouse |
| 10:37 | Spirit Tower |
| 11:16 | Tomb of Relics |
| 11:22 | Acolyte |
| 11:22 | Acolyte |
| 11:32 | Orb of Corruption |
| 11:38 | Carrion Swarm |
| 11:43 | Orb of Corruption |
| 12:24 | Orb of Corruption |
| 12:52 | Ziggurat |
| 13:11 | Frost Armor |
| 14:07 | Unholy Aura |
| 14:39 | Obsidian Statue |
| 14:39 | Obsidian Statue |
| 14:40 | Acolyte |
| 14:40 | Acolyte |
| 15:48 | Acolyte |
| 16:11 | Sleep |
| 16:16 | Death Coil |
| 17:15 | Frost Nova |
| 17:37 | Animate Dead |
| 19:14 | Obsidian Statue |
| 19:14 | Obsidian Statue |
| 19:24 | Carrion Swarm |
| 22:05 | Backpack |
| 22:07 | Unholy Aura |
| Right click | 1044 |
| Select group | 665 |
| Assign group | 541 |
| Select | 228 |
| Resource trade | 116 |
| Misc. action | 71 |
| Build/train/purchase | 64 |
| Use ability | 58 |
| Chat | 10 |
| Item give/drop | 5 |
| Remove unit | 2 |
| Minimap ping | 2 |



| Scroll of Regeneration | 3 | 300 |
| Staff of Sanctuary | 2 | 500 |
| Potion of Healing | 1 | 150 |
| Orb of Corruption | 2 | 750 |
| total: | 8 | 1700g |
| Peasant | 15 | 1125 | / | 0 |
| Priest | 7 | 945 | / | 70 |
| total: | 22 | 2070g | / | 70w |
| Scout Tower | 123 | 3690 | / | 2460 |
| Arcane Tower | 7 | 490 | / | 350 |
| Guard Tower | 90 | 6300 | / | 4500 |
| Altar of Kings | 1 | 180 | / | 50 |
| Farm | 6 | 480 | / | 120 |
| Lumber Mill | 1 | 120 | / | 0 |
| Arcane Vault | 5 | 650 | / | 150 |
| Town Hall | 1 | 385 | / | 205 |
| Arcane Sanctum | 1 | 150 | / | 140 |
| Keep | 1 | 320 | / | 210 |
| Castle | 2 | 720 | / | 420 |
| total: | 138 | 5655g | / | 3125w |
| 0:03 | Peasant |
| 0:03 | Peasant |
| 0:04 | Peasant |
| 0:07 | Altar of Kings |
| 0:20 | Farm |
| 0:23 | Peasant |
| 0:56 | Lumber Mill |
| 0:59 | Peasant |
| 1:20 | Scout Tower |
| 1:23 | Peasant |
| 1:25 | Peasant |
| 1:31 | Scout Tower |
| 1:41 | Scout Tower |
| 1:45 | Scout Tower |
| 1:48 | Farm |
| 1:54 | Peasant |
| 2:00 | Arcane Tower |
| 2:02 | Scout Tower |
| 2:03 | Peasant |
| 2:03 | Peasant |
| 2:03 | Peasant |
| 2:04 | Peasant |
| 2:07 | Blizzard |
| 2:09 | Arcane Tower |
| 2:23 | Scout Tower |
| 2:28 | Arcane Tower |
| 2:29 | Scout Tower |
| 2:32 | Guard Tower |
| 2:33 | Scout Tower |
| 3:04 | Guard Tower |
| 3:05 | Scout Tower |
| 3:05 | Peasant |
| 3:06 | Peasant |
| 3:06 | Peasant |
| 3:07 | Scout Tower |
| 3:09 | Guard Tower |
| 3:12 | Scout Tower |
| 3:19 | Guard Tower |
| 3:20 | Scout Tower |
| 3:21 | Scout Tower |
| 3:24 | Guard Tower |
| 3:25 | Scout Tower |
| 3:26 | Scout Tower |
| 3:44 | Guard Tower |
| 3:46 | Guard Tower |
| 3:47 | Scout Tower |
| 4:02 | Guard Tower |
| 4:04 | Scout Tower |
| 4:05 | Guard Tower |
| 4:07 | Scout Tower |
| 4:12 | Scout Tower |
| 4:13 | Scout Tower |
| 4:14 | Guard Tower |
| 4:15 | Keep |
| 4:17 | Guard Tower |
| 4:19 | Guard Tower |
| 4:22 | Scout Tower |
| 4:28 | Scout Tower |
| 4:29 | Scout Tower |
| 4:32 | Farm |
| 4:46 | Guard Tower |
| 4:49 | Guard Tower |
| 4:51 | Scout Tower |
| 4:52 | Scout Tower |
| 5:26 | Brilliance Aura |
| 5:31 | Arcane Vault |
| 5:32 | Scout Tower |
| 5:33 | Improved Masonry |
| 5:36 | Guard Tower |
| 5:37 | Guard Tower |
| 5:38 | Scout Tower |
| 5:39 | Scout Tower |
| 6:03 | Farm |
| 6:12 | Guard Tower |
| 6:14 | Scout Tower |
| 6:14 | Scout Tower |
| 6:15 | Scout Tower |
| 6:15 | Scout Tower |
| 6:15 | Scout Tower |
| 6:16 | Scout Tower |
| 6:17 | Guard Tower |
| 6:18 | Guard Tower |
| 6:20 | Scout Tower |
| 6:21 | Scout Tower |
| 6:21 | Scout Tower |
| 6:22 | Scout Tower |
| 7:24 | Arcane Tower |
| 7:27 | Guard Tower |
| 7:27 | Guard Tower |
| 7:29 | Scout Tower |
| 7:30 | Scout Tower |
| 7:30 | Scout Tower |
| 7:31 | Scout Tower |
| 7:32 | Guard Tower |
| 7:33 | Scout Tower |
| 7:34 | Scout Tower |
| 7:35 | Scout Tower |
| 7:36 | Scout Tower |
| 7:37 | Guard Tower |
| 7:42 | Scout Tower |
| 7:43 | Scout Tower |
| 7:45 | Scout Tower |
| 7:46 | Scout Tower |
| 7:46 | Scout Tower |
| 7:46 | Scout Tower |
| 7:47 | Scout Tower |
| 7:48 | Scout Tower |
| 8:04 | Advanced Masonry |
| 8:04 | Improved Lumber Harvesting |
| 8:16 | Arcane Sanctum |
| 8:23 | Scroll of Regeneration |
| 8:26 | Storm Bolt |
| 8:27 | Guard Tower |
| 8:41 | Guard Tower |
| 8:44 | Guard Tower |
| 10:00 | Blizzard |
| 10:07 | Guard Tower |
| 10:08 | Castle |
| 10:09 | Magic Sentry |
| 10:09 | Priest |
| 10:11 | Guard Tower |
| 10:22 | Scout Tower |
| 10:23 | Scout Tower |
| 10:23 | Scout Tower |
| 10:23 | Scout Tower |
| 10:26 | Scout Tower |
| 10:43 | Guard Tower |
| 10:44 | Scout Tower |
| 10:46 | Scout Tower |
| 10:47 | Scout Tower |
| 10:48 | Scout Tower |
| 10:48 | Scout Tower |
| 10:49 | Guard Tower |
| 10:50 | Guard Tower |
| 10:51 | Guard Tower |
| 10:51 | Guard Tower |
| 10:53 | Scout Tower |
| 10:53 | Scout Tower |
| 10:54 | Scout Tower |
| 10:54 | Scout Tower |
| 11:08 | Guard Tower |
| 11:09 | Scout Tower |
| 11:10 | Scout Tower |
| 11:10 | Scout Tower |
| 11:10 | Scout Tower |
| 11:30 | Guard Tower |
| 11:31 | Guard Tower |
| 11:32 | Guard Tower |
| 11:35 | Scout Tower |
| 11:36 | Scout Tower |
| 11:37 | Scout Tower |
| 11:38 | Scout Tower |
| 11:38 | Scout Tower |
| 11:39 | Scout Tower |
| 11:45 | Guard Tower |
| 11:46 | Guard Tower |
| 11:47 | Guard Tower |
| 11:50 | Farm |
| 11:51 | Bash |
| 11:55 | Farm |
| 12:07 | Guard Tower |
| 12:11 | Scout Tower |
| 12:11 | Scout Tower |
| 12:12 | Scout Tower |
| 12:12 | Scout Tower |
| 12:13 | Scout Tower |
| 12:32 | Guard Tower |
| 12:56 | Guard Tower |
| 13:11 | Priest |
| 13:12 | Priest |
| 13:12 | Priest |
| 13:12 | Priest Adept Training |
| 13:21 | Guard Tower |
| 13:33 | Staff of Sanctuary |
| 13:34 | Scroll of Regeneration |
| 13:41 | Potion of Healing |
| 13:58 | Priest |
| 13:58 | Priest |
| 14:04 | Scroll of Regeneration |
| 14:12 | Guard Tower |
| 14:17 | Scout Tower |
| 14:17 | Scout Tower |
| 14:18 | Scout Tower |
| 14:18 | Scout Tower |
| 14:19 | Guard Tower |
| 14:20 | Holy Light |
| 14:30 | Guard Tower |
| 14:31 | Scout Tower |
| 14:35 | Scout Tower |
| 14:35 | Scout Tower |
| 14:36 | Scout Tower |
| 14:36 | Scout Tower |
| 14:37 | Scout Tower |
| 14:38 | Scout Tower |
| 14:38 | Scout Tower |
| 15:08 | Guard Tower |
| 15:12 | Priest Master Training |
| 15:12 | Priest |
| 15:36 | Guard Tower |
| 15:37 | Guard Tower |
| 15:38 | Guard Tower |
| 15:38 | Guard Tower |
| 15:40 | Guard Tower |
| 15:41 | Scout Tower |
| 15:42 | Scout Tower |
| 15:43 | Scout Tower |
| 15:43 | Scout Tower |
| 15:43 | Scout Tower |
| 15:43 | Scout Tower |
| 15:44 | Scout Tower |
| 16:30 | Imbued Masonry |
| 16:44 | Guard Tower |
| 16:44 | Guard Tower |
| 16:45 | Scout Tower |
| 16:46 | Scout Tower |
| 16:47 | Scout Tower |
| 16:47 | Scout Tower |
| 17:23 | Divine Shield |
| 18:08 | Storm Bolt |
| 18:45 | Brilliance Aura |
| 19:09 | Guard Tower |
| 19:17 | Scout Tower |
| 19:18 | Scout Tower |
| 19:18 | Scout Tower |
| 19:19 | Scout Tower |
| 19:20 | Scout Tower |
| 19:20 | Scout Tower |
| 19:21 | Guard Tower |
| 19:23 | Scout Tower |
| 19:24 | Scout Tower |
| 19:24 | Scout Tower |
| 19:25 | Scout Tower |
| 19:25 | Scout Tower |
| 19:25 | Scout Tower |
| 19:25 | Scout Tower |
| 19:35 | Arcane Vault |
| 19:39 | Town Hall |
| 19:41 | Scout Tower |
| 19:41 | Scout Tower |
| 19:42 | Scout Tower |
| 19:42 | Scout Tower |
| 19:47 | Arcane Vault |
| 19:48 | Arcane Vault |
| 19:53 | Guard Tower |
| 20:08 | Staff of Sanctuary |
| 20:11 | Orb of Corruption |
| 20:13 | Orb of Corruption |
| 20:23 | Arcane Tower |
| 20:59 | Guard Tower |
| 20:59 | Guard Tower |
| 21:02 | Arcane Vault |
| 21:54 | Holy Light |
| Right click | 1770 |
| Select | 529 |
| Select group | 420 |
| Build/train/purchase | 214 |
| Use ability | 56 |
| Misc. action | 20 |
| Chat | 18 |
| Assign group | 10 |
| Minimap ping | 6 |
| Item give/drop | 5 |
| Remove unit | 4 |
164 units @ 24.5k
/ 3.6k
46 buildings @ 8.1k
/ 3.3k


| Wisp | 15 | 900 | / | 0 |
| Archer | 23 | 2990 | / | 230 |
| Huntress | 12 | 2340 | / | 240 |
| Dryad | 7 | 1015 | / | 420 |
| Glaive Thrower | 3 | 630 | / | 195 |
| Mountain Giant | 3 | 1050 | / | 300 |
| total: | 63 | 8925g | / | 1385w |
| Altar of Elders | 1 | 180 | / | 50 |
| Moon Well | 7 | 1260 | / | 280 |
| Ancient of War | 1 | 150 | / | 60 |
| Ancient of Wonders | 1 | 90 | / | 30 |
| Hunter's Hall | 1 | 210 | / | 100 |
| Tree of Life | 2 | 680 | / | 370 |
| Ancient of Lore | 1 | 155 | / | 145 |
| Tree of Ages | 1 | 320 | / | 180 |
| total: | 14 | 2725g | / | 1035w |
| 0:03 | Wisp |
| 0:03 | Wisp |
| 0:25 | Altar of Elders |
| 0:34 | Moon Well |
| 0:36 | Wisp |
| 0:56 | Ancient of War |
| 0:59 | Wisp |
| 0:59 | Wisp |
| 1:58 | Archer |
| 1:59 | Archer |
| 2:05 | Wisp |
| 2:05 | Wisp |
| 2:10 | Moon Well |
| 2:28 | Archer |
| 2:36 | Archer |
| 2:43 | Entangling Roots |
| 3:31 | Archer |
| 3:40 | Wisp |
| 3:40 | Wisp |
| 4:19 | Archer |
| 4:19 | Archer |
| 4:20 | Archer |
| 4:20 | Archer |
| 4:31 | Ancient of Wonders |
| 4:37 | Wisp |
| 4:37 | Wisp |
| 4:53 | Moon Well |
| 5:59 | Force of Nature |
| 6:28 | Archer |
| 6:28 | Archer |
| 6:34 | Hunter's Hall |
| 6:36 | Wisp |
| 6:36 | Wisp |
| 6:45 | Moon Well |
| 6:59 | Archer |
| 6:59 | Archer |
| 7:51 | Entangling Roots |
| 7:58 | Tree of Ages |
| 8:03 | Huntress |
| 8:04 | Huntress |
| 8:04 | Huntress |
| 8:04 | Huntress |
| 8:04 | Huntress |
| 8:09 | Moon Well |
| 9:06 | Moon Well |
| 9:58 | Archer |
| 9:58 | Archer |
| 9:58 | Archer |
| 9:58 | Archer |
| 9:58 | Archer |
| 10:05 | Moon Well |
| 10:57 | Wisp |
| 10:58 | Wisp |
| 11:06 | Ancient of Lore |
| 11:45 | Trueshot Aura |
| 11:50 | Improved Bows |
| 11:50 | Moon Glaive |
| 11:51 | Sentinel |
| 11:55 | Strength of the Moon |
| 11:56 | Strength of the Wild |
| 13:22 | Dryad |
| 13:22 | Dryad |
| 13:22 | Dryad |
| 13:22 | Dryad |
| 13:22 | Dryad |
| 14:06 | Huntress |
| 14:06 | Huntress |
| 14:07 | Huntress |
| 14:07 | Huntress |
| 15:47 | Glaive Thrower |
| 15:47 | Glaive Thrower |
| 15:48 | Glaive Thrower |
| 17:06 | Tree of Life |
| 17:30 | Archer |
| 17:30 | Archer |
| 17:32 | Archer |
| 17:33 | Huntress |
| 17:33 | Huntress |
| 17:33 | Huntress |
| 17:39 | Mountain Giant |
| 18:34 | Scout |
| 18:45 | Thorns Aura |
| 19:04 | Mountain Giant |
| 19:05 | Dryad |
| 19:05 | Dryad |
| 19:07 | Archer |
| 21:07 | Abolish Magic |
| 21:08 | Mountain Giant |
| 21:18 | Tree of Life |
| 21:41 | Archer |
| Right click | 574 |
| Select | 270 |
| Build/train/purchase | 85 |
| Misc. action | 81 |
| Select group | 74 |
| Use ability | 29 |
| Assign group | 21 |
| Resource trade | 12 |
| Esc | 2 |

| Peon | 14 | 1050 | / | 0 |
| Grunt | 7 | 1400 | / | 0 |
| Troll Headhunter | 15 | 2100 | / | 300 |
| Demolisher | 12 | 2640 | / | 600 |
| Shaman | 3 | 390 | / | 60 |
| Troll Witch Doctor | 3 | 435 | / | 75 |
| total: | 54 | 8015g | / | 1035w |
| War Mill | 1 | 205 | / | 0 |
| Altar of Storms | 2 | 360 | / | 100 |
| Barracks | 1 | 180 | / | 50 |
| Orc Burrow | 8 | 1280 | / | 320 |
| Voodoo Lounge | 1 | 130 | / | 30 |
| Great Hall | 1 | 385 | / | 185 |
| Spirit Lodge | 1 | 150 | / | 150 |
| Stronghold | 1 | 315 | / | 190 |
| total: | 15 | 2690g | / | 835w |
| 0:15 | War Mill |
| 0:18 | Altar of Storms |
| 0:22 | Altar of Storms |
| 0:43 | Barracks |
| 0:59 | Peon |
| 1:46 | Orc Burrow |
| 1:53 | Peon |
| 1:54 | Peon |
| 2:16 | Orc Burrow |
| 2:47 | Grunt |
| 2:47 | Grunt |
| 3:10 | Peon |
| 3:33 | Peon |
| 3:33 | Peon |
| 4:10 | Troll Headhunter |
| 4:16 | Troll Headhunter |
| 4:57 | Voodoo Lounge |
| 5:00 | Peon |
| 5:04 | Troll Headhunter |
| 5:23 | Healing Wave |
| 6:29 | Orc Burrow |
| 6:33 | Orc Burrow |
| 6:35 | Troll Headhunter |
| 6:35 | Troll Headhunter |
| 6:35 | Troll Headhunter |
| 7:27 | Stronghold |
| 8:11 | Orc Burrow |
| 8:22 | Hex |
| 9:08 | Troll Headhunter |
| 9:08 | Troll Headhunter |
| 9:08 | Troll Headhunter |
| 9:08 | Troll Headhunter |
| 9:08 | Troll Headhunter |
| 9:58 | Peon |
| 9:58 | Peon |
| 10:49 | Demolisher |
| 10:49 | Demolisher |
| 11:01 | Spirit Lodge |
| 14:30 | Shaman |
| 14:30 | Shaman |
| 14:30 | Shaman |
| 14:33 | Troll Headhunter |
| 14:33 | Troll Headhunter |
| 14:33 | Troll Headhunter |
| 14:33 | Troll Headhunter |
| 14:34 | Grunt |
| 14:34 | Grunt |
| 14:34 | Grunt |
| 15:38 | Demolisher |
| 15:38 | Demolisher |
| 15:47 | Spiked Barricades |
| 15:49 | Reinforced Defenses |
| 15:53 | Steel Ranged Weapons |
| 15:54 | Steel Melee Weapons |
| 16:52 | Demolisher |
| 16:52 | Demolisher |
| 17:18 | Great Hall |
| 17:32 | Orc Burrow |
| 17:35 | Orc Burrow |
| 17:38 | Orc Burrow |
| 18:44 | Troll Witch Doctor |
| 18:44 | Troll Witch Doctor |
| 18:45 | Troll Witch Doctor |
| 19:21 | Grunt |
| 19:21 | Grunt |
| 19:56 | Peon |
| 19:56 | Peon |
| 19:56 | Peon |
| 19:56 | Peon |
| 19:56 | Peon |
| 21:37 | Demolisher |
| 21:37 | Demolisher |
| 21:37 | Demolisher |
| 21:38 | Demolisher |
| 21:38 | Demolisher |
| 21:38 | Demolisher |
| Right click | 502 |
| Select | 182 |
| Build/train/purchase | 66 |
| Misc. action | 47 |
| Select group | 26 |
| Minimap ping | 19 |
| Use ability | 18 |
| Assign group | 6 |
| Remove unit | 1 |

| Rod of Necromancy | 1 | 150 |
| Orb of Corruption | 1 | 375 |
| Potion of Healing | 1 | 150 |
| Potion of Mana | 1 | 200 |
| Scroll of Town Portal | 1 | 350 |
| total: | 5 | 1225g |
| Acolyte | 10 | 750 | / | 0 |
| Ghoul | 18 | 2160 | / | 0 |
| Necromancer | 9 | 1305 | / | 180 |
| Obsidian Statue | 2 | 400 | / | 70 |
| Meat Wagon | 1 | 230 | / | 50 |
| Frost Wyrm | 7 | 2695 | / | 840 |
| total: | 47 | 7540g | / | 1140w |
| Nerubian Tower | 1 | 100 | / | 20 |
| Spirit Tower | 1 | 145 | / | 40 |
| Crypt | 1 | 200 | / | 50 |
| Graveyard | 1 | 215 | / | 0 |
| Altar of Darkness | 1 | 180 | / | 50 |
| Ziggurat | 6 | 900 | / | 300 |
| Tomb of Relics | 1 | 130 | / | 30 |
| Necropolis | 1 | 225 | / | 0 |
| Temple of the Damned | 2 | 310 | / | 280 |
| Slaughterhouse | 1 | 140 | / | 135 |
| Sacrificial Pit | 1 | 75 | / | 150 |
| Boneyard | 2 | 350 | / | 400 |
| Halls of the Dead | 1 | 320 | / | 210 |
| Black Citadel | 1 | 325 | / | 230 |
| total: | 17 | 2725g | / | 1395w |
| 0:01 | Acolyte |
| 0:03 | Acolyte |
| 0:11 | Crypt |
| 0:16 | Graveyard |
| 0:43 | Altar of Darkness |
| 0:54 | Ziggurat |
| 1:14 | Ghoul |
| 1:25 | Tomb of Relics |
| 1:46 | Ghoul |
| 2:00 | Ziggurat |
| 2:06 | Ghoul |
| 2:20 | Ghoul |
| 2:48 | Sleep |
| 2:49 | Rod of Necromancy |
| 3:11 | Nerubian Tower |
| 3:12 | Ghoul |
| 3:34 | Ghoul |
| 4:16 | Halls of the Dead |
| 4:30 | Ghoul |
| 4:30 | Ghoul |
| 5:12 | Ghoul |
| 5:26 | Vampiric Aura |
| 5:57 | Unholy Strength |
| 6:02 | Ziggurat |
| 6:34 | Necropolis |
| 6:50 | Temple of the Damned |
| 7:03 | Acolyte |
| 7:16 | Carrion Swarm |
| 7:28 | Slaughterhouse |
| 7:31 | Ghoul |
| 7:54 | Necromancer Adept Training |
| 7:57 | Temple of the Damned |
| 8:17 | Acolyte |
| 8:17 | Acolyte |
| 8:17 | Acolyte |
| 8:23 | Ghoul |
| 8:42 | Skeletal Mastery |
| 8:42 | Necromancer |
| 8:44 | Obsidian Statue |
| 8:45 | Meat Wagon |
| 8:47 | Ziggurat |
| 9:28 | Necromancer |
| 9:30 | Ziggurat |
| 9:36 | Acolyte |
| 9:36 | Acolyte |
| 9:57 | Necromancer |
| 9:59 | Ziggurat |
| 10:39 | Obsidian Statue |
| 10:45 | Black Citadel |
| 10:47 | Necromancer |
| 10:54 | Ghoul |
| 11:43 | Ghoul |
| 11:43 | Ghoul |
| 11:56 | Ghoul |
| 12:32 | Carrion Swarm |
| 13:13 | Necromancer Master Training |
| 14:27 | Sacrificial Pit |
| 15:00 | Ghoul |
| 15:01 | Necromancer |
| 15:10 | Spirit Tower |
| 15:21 | Boneyard |
| 15:22 | Acolyte |
| 15:41 | Orb of Corruption |
| 16:03 | Necromancer |
| 16:51 | Frost Wyrm |
| 17:28 | Boneyard |
| 17:40 | Acolyte |
| 18:44 | Frost Wyrm |
| 19:34 | Frost Wyrm |
| 19:58 | Frost Wyrm |
| 20:32 | Frost Wyrm |
| 20:42 | Frost Wyrm |
| 20:45 | Scroll of Town Portal |
| 20:45 | Potion of Healing |
| 20:47 | Potion of Mana |
| 20:51 | Necromancer |
| 20:51 | Necromancer |
| 21:13 | Ghoul |
| 21:13 | Ghoul |
| 21:54 | Frost Wyrm |
| 21:58 | Necromancer |
| Select group | 795 |
| Right click | 584 |
| Select | 449 |
| Misc. action | 207 |
| Build/train/purchase | 91 |
| Assign group | 34 |
| Use ability | 31 |
| Minimap ping | 19 |
| Resource trade | 11 |
| Remove unit | 1 |
| Esc | 1 |
⇛